 Dungeon Crawl Stone Soup version 0.27.1-34-g3ba077fa99 (webtiles) character file.

Game seed: 11616903322756867890

397 Trampli the Sneak (level 7, -3/42 HPs)
             Began as a Kobold Monk on Jan 14, 2022.
             Was a Follower of the Shining One.
             Slain by Pikel (4 damage)
             ... on level 4 of the Dungeon.
             The game lasted 00:07:55 (4096 turns).

Trampli the Sneak (Kobold Monk)                     Turns: 4096, Time: 00:07:56

Health: -3/42      AC:  6    Str:  3    XL:     7   Next: 10%
Magic:  7/7        EV: 17    Int: 18    God:    the Shining One [*.....]
Gold:   75         SH:  0    Dex: 19    Spells: 6/6 levels left

rFire    . . .     SeeInvis .   l - +2 dagger (freeze)
rCold    . . .     Faith    .   (shield restricted)
rNeg     . . .     Spirit   .   b - +0 robe
rPois    .         Reflect  .   d - +2 helmet "Xyaruh" {Str-5 Int+6 Slay+6 Stlth+}
rElec    .         Harm     .   i - +0 cloak
rCorr    .         Rampage  .   (no gloves)
Will     .....                  (no boots)
Stlth    +++.......             (no amulet)
HPRegen  0.14/turn              (no ring)
MPRegen  0.10/turn              (no ring)

@: glowing
A: small, no large weapons, nightstalker 3
a: Renounce Religion


You were on level 4 of the Dungeon.
You worshipped the Shining One.
The Shining One was aware of your devotion.
You visited 2 branches of the dungeon, and saw 5 of its levels.

You collected 141 gold pieces.
You spent 66 gold pieces at shops.

Inventory:

Hand Weapons
 a - a +0 short sword
 f - a +2 dagger of draining
 l - a +2 dagger of freezing (weapon)
Armour
 b - a +0 robe (worn)
 d - the +2 helmet "Xyaruh" (worn) {Str-5 Int+6 Slay+6 Stlth+}
   (You found it on level 2 of the Dungeon)

   Str:       It affects your strength (-5).
   Int:       It affects your intelligence (+6).
   Slay:      It affects your accuracy & damage with ranged weapons and melee
   (+6).
   Stlth:     It makes you more stealthy.
 i - a +0 cloak (worn)
Wands
 m - a wand of iceblast (9)
 o - a wand of acid (8)
Potions
 c - a potion of berserk rage {unknown}
 e - a potion of brilliance
 g - a potion of lignification {unknown}
 h - a potion of haste {unknown}
 j - a potion of experience {unknown}
 k - 4 potions of curing
 n - 2 potions of heal wounds {unknown}


   Skills:
 + Level 3.8 Fighting
 * Level 6.0 Short Blades
 * Level 5.0 Dodging
 * Level 7.3 Stealth


You had 6 spell levels left.
You didn't know any spells.
Your spell library contained the following spells:

 Spells                   Type           Power      Damage    Failure   Level
 Summon Guardian Golem    Hex/Summ       0%         N/A       54%         3
 Orb of Destruction       Conj           0%         N/A       100%        7
 Spellforged Servitor     Conj/Summ      0%         N/A       100%        7


Dungeon Overview and Level Annotations

Branches:
Dungeon (4/15)             Temple (1/1) D:4

Altars:
Ashenzari
Cheibriados
Dithmenos
Elyvilon
Gozag
Hepliaklqana
Makhleb
Nemelex Xobeh
Okawaru
Sif Muna
Vehumet
Wu Jian
Xom
The Shining One

Shops:
D:4 *

Annotations:
D:4 Pikel


Innate Abilities, Weirdness & Mutations

You are small and have problems with some larger weapons.
You are completely attuned to the shadows.


Message History

Pikel freezes you.
The lemure shouts!
You hit Pikel but do no damage.
Pikel hits you with a +1 whip of freezing.
Pikel freezes you.
You hit Pikel but do no damage.
Pikel hits you with a +1 whip of freezing.
Pikel freezes you. The lemure completely misses you.
The lemure closely misses you.
Unknown command.
You puncture Pikel! You freeze Pikel.
Pikel is moderately wounded.
Pikel says, "Hell isn't that bad."
Pikel closely misses you. The lemure hits you.
The lemure completely misses you.
You puncture Pikel! You freeze Pikel.
Pikel is heavily wounded.
The lemure barely misses you. x2
Unknown command.
You hit Pikel but do no damage.
Pikel is heavily wounded.
Pikel hits you with a +1 whip of freezing.
Pikel freezes you. The lemure closely misses you. The lemure barely misses you.
The lemure completely misses you. The lemure misses you.
You hit Pikel. You freeze Pikel.
Pikel is severely wounded.
Pikel hits you with a +1 whip of freezing!
* * * LOW HITPOINT WARNING * * *
Pikel freezes you.
* * * LOW HITPOINT WARNING * * *
The lemure closely misses you. The lemure barely misses you.
The lemure hits you.
* * * LOW HITPOINT WARNING * * *
The lemure barely misses you.
It was a potion of curing.
You feel better. The lemure hits you.
* * * LOW HITPOINT WARNING * * *
Pikel hits you with a +1 whip of freezing!
* * * LOW HITPOINT WARNING * * *
Pikel freezes you.
You die...

#... ##########.##
#..........#.
#.##########.
#.#.#......#.
#.).#.####.#.
##########...#.##...##
....5.............###.
.)..K@.##..#.#.#......
....55.#...#.#......##
.....5.#.#.#.###.##.#.
..........(#.# #.##.#.
.........#...###..#.#.
###.######..........#.
#.# #.#....###.#. ####
#.# #.#.##.......
#....##### #.#
#.#.##..##...


You could see Pikel and 4 lemures.

Vanquished Creatures
  Crazy Yiuf (D:3)
  Ijyb (D:4)
  Terence (D:2)
  4 orc wizards (D:3)
  Robin (D:2)
  A gnoll (D:1)
  7 adders
  A white imp (D:4)
  A worm (D:2)
  4 dart slugs
  12 orcs
  3 bats
  8 endoplasms
  6 giant cockroaches
  17 goblins
  11 hobgoblins
  4 jackals (D:3)
  3 quokkas
  8 ball pythons
  2 frilled lizards
  7 kobolds
  4 rats
107 creatures vanquished.

Notes
Turn   | Place    | Note
-------+----------+-------------------------------------------
     0 | D:1      | Trampli the Kobold Monk began the quest for the Orb.
     0 | D:1      | Reached XP level 1. HP: 14/14 MP: 1/1
   120 | D:1      | Reached XP level 2. HP: 19/19 MP: 2/2
   338 | D:1      | Reached skill level 3 in Stealth
   338 | D:1      | Reached XP level 3. HP: 22/23 MP: 3/3
   765 | D:2      | Identified the +2 helmet "Xyaruh" {Str-5 Int+6 Slay+6
                  | Stlth+}
   765 | D:2      | Noticed Robin
  1102 | D:2      | Reached XP level 4. HP: 28/28 MP: 4/4
  1216 | D:2      | Reached skill level 4 in Stealth
  1567 | D:2      | Killed Robin
  1568 | D:2      | Reached skill level 5 in Short Blades
  1583 | D:2      | Reached XP level 5. HP: 32/32 MP: 5/5
  1921 | D:2      | Noticed Terence
  1925 | D:2      | Killed Terence
  1926 | D:2      | Reached skill level 5 in Stealth
  2162 | D:3      | Found an opulent altar of Gozag.
  2173 | D:3      | Reached XP level 6. HP: 38/38 MP: 6/6
  2215 | D:3      | Reached skill level 6 in Stealth
  2232 | D:3      | Found a burning altar of Makhleb.
  2357 | D:3      | Found a runed translucent door.
  2582 | D:3      | Noticed Crazy Yiuf
  2824 | D:3      | Found an iron altar of Okawaru.
  3302 | D:3      | Found a faded altar of an unknown god.
  3430 | D:3      | Killed Crazy Yiuf
  3431 | D:3      | Reached skill level 7 in Stealth
  3484 | D:4      | Found Ecefuett's Assorted Antiques.
  3487 | D:4      | Bought a lumpy amethyst potion for 16 gold pieces
  3487 | D:4      | Bought a lumpy amethyst potion for 16 gold pieces
  3487 | D:4      | Bought a golden potion for 16 gold pieces
  3487 | D:4      | Bought a scroll labelled OMPALU XESEWNARPHA for 18 gold
                  | pieces
  3492 | D:4      | Found a white marble altar of Elyvilon.
  3504 | D:4      | Became a worshipper of Elyvilon the Healer
  3504 | D:4      | Reached * piety under Elyvilon
  3504 | D:4      | Reached ** piety under Elyvilon
  3523 | D:4      | Found a staircase to the Ecumenical Temple.
  3529 | Temple   | Entered the Ecumenical Temple
  3623 | Temple   | Fell from the grace of Elyvilon
  3623 | Temple   | Became a worshipper of the Shining One
  3707 | D:4      | Noticed Ijyb
  3715 | D:4      | Killed Ijyb
  3716 | D:4      | Reached skill level 5 in Dodging
  3716 | D:4      | Reached XP level 7. HP: 38/42 MP: 7/7
  3846 | D:4      | Reached * piety under the Shining One
  3915 | D:4      | Found a radiant altar of Vehumet.
  4085 | D:4      | Noticed Pikel
  4096 | D:4      | HP: 1/42 [Pikel (7)]
  4096 | D:4      | Slain by Pikel

Illustrated notes

Levels and vault maps discovered:
D:1:      amcnicky_arrival_single_pillar, layout_rooms
D:2:      layout_basic, kennysheep_nondescript, st_stairs_11,
          hangedman_decor_push, minmay_misc_feat_encased, uniq_terence,
          uniq_robin
D:3:      layout_basic, lemuel_crystal_altar, mainiacjoe_overflow_brackets,
          lemuel_doored_altar, shapermc_ecumenical_altar_hornbeckon,
          uniq_crazy_yiuf_cottage
D:4:      layout_basic, mainiacjoe_overflow_concentric_impassable,
          mainiacjoe_overflow_boulevard, marbit_many_paths,
          minmay_temple_entry_glass, serial_shops, nicolae_stop_n_shop_1,
          serial_park_tiny_1, uniq_ijyb, uniq_natasha, uniq_pikel
Temple:   dpeg_three_leaves_temple

Skill      XL: |  1  2  3  4  5  6 |
---------------+-------------------+-----
Dodging        | 4 5 |  5.0
Stealth        | 3 4 5 7 |  7.3
Short Blades   | 5 6 |  6.0
Fighting       | |  3.8

Action                   |  1- 3 |  4- 6 |  7- 9 || total
-------------------------+-------+-------+-------++-------
Melee: Short sword       |    60 |     6 |       ||    66
       Dagger            |    14 |   159 |    24 ||   197
  Use: Scroll            |     2 |     4 |       ||     6
       Potion            |       |       |     1 ||     1
 Stab: Sleeping          |    15 |    20 |       ||    35
       Distracted        |       |     1 |       ||     1
Armor: Robe              |     4 |    21 |     3 ||    28
Dodge: Dodged            |    45 |    85 |    19 ||   149
